 Dungeon Crawl Stone Soup version 0.27-a0-1026-gbab068f60c (webtiles) character file.

Game seed: 3961750491218220772

11 Morbidden the Covered (level 2, -5/25 HPs)
             Began as a Demigod Fighter on Apr 18, 2021.
             Slain by a kobold
             ... wielding a +0 whip of electrocution
              (13 damage)
             ... on level 1 of the Dungeon.
             The game lasted 00:00:31 (325 turns).

Morbidden the Covered (Demigod Fighter)              Turns: 325, Time: 00:00:32

Health: -5/25      AC:  6    Str: 17    XL:     2   Next: 3%
Magic:  4/4        EV:  7    Int: 10    God:
Gold:   3          SH:  9    Dex: 13    Spells: 1/1 levels left

rFire    . . .     SeeInvis .   a - +0 long sword
rCold    . . .     Faith    .   c - +0 kite shield
rNeg     . . .     Spirit   .   b - +0 scale mail
rPois    .         Reflect  .   (no helmet)
rElec    .         Harm     .   (no cloak)
rCorr    .         Rampage  .   (no gloves)
Will     .....                  (no boots)
Stlth    ..........             (no amulet)
HPRegen  0.08/turn              (no ring)
MPRegen  0.09/turn              (no ring)

@: mighty
A: high mp 1, forlorn
a: no special abilities


You were on level 1 of the Dungeon.
You visited 1 branch of the dungeon, and saw 1 of its levels.

You collected 3 gold pieces.

Inventory:

Hand Weapons
 a - a +0 long sword (weapon)
Missiles
 e - 22 sling bullets
Armour
 b - a +0 scale mail (worn)
 c - a +0 kite shield (worn)
Scrolls
 f - a scroll of identify {unknown}


   Skills:
 + Level 2.8 Fighting
 + Level 1.9 Long Blades
 + Level 3.0 Armour
 + Level 2.8 Shields


You had one spell level left.
You didn't know any spells.
Your spell library was empty.

Dungeon Overview and Level Annotations

Branches:
Dungeon (1/15)


Innate Abilities, Weirdness & Mutations

Your attributes grow dramatically as you level up.
You have an increased reservoir of magic. (+10% MP)
You shall have no god before yourself.


Message History

You closely miss the kobold.
The kobold is severely wounded.
The kobold hits you but does no damage.
You hit the kobold but do no damage.
The kobold is severely wounded.
The kobold hits you but does no damage. The kobold barely misses you.
You hit the kobold.
You kill the kobold!
You have reached level 2!
You barely miss the goblin.
The goblin is moderately wounded.
You block the goblin's attack. The goblin barely misses you.
You riposte.
Your scale mail prevents you from hitting the goblin.
The goblin is moderately wounded.
Unknown command.
You barely miss the goblin.
The goblin is moderately wounded.
You block the goblin's attack. You block the goblin's attack.
Really walk into that teleport trap?
You enter a teleport trap!
The teleport trap disappears.
Your surroundings suddenly seem different. 5 kobolds come into view.
A kobold is wielding a +0 whip of electrocution.
A kobold is wielding a +0 short sword of venom.
The frilled lizard hisses angrily.
The kobold shouts! x4
Found a rat skeleton.
The kobold completely misses you.
The frilled lizard bites something.
The rat bites the bush but does no damage.
Something bites the plant.
Something bites the bush but does no damage.
The kobold barely misses you. The kobold hits you but does no damage.
The kobold barely misses you.
The kobold hits the bush but does no damage.
The kobold hits something but does no damage.
Okay, then.
You feel very mighty all of a sudden.
The kobold hits you with a +0 whip of electrocution.
You are electrocuted!
Ouch! That really hurt!
You die...

♣♣♣♣♣#♣♣
#PPP...PP♣#
P#...÷KPP#
.l#.......P###
.r#...§..K...#
.r#.......P#K#
P#P#.....PP#K#
PPP#.≈.PP♣#@#
P♣#♣♣♣P#P♣#.#
## # #.# #.#
..# ###


You could see 2 kobolds.

Vanquished Creatures
  2 giant cockroaches (D:1)
  A goblin (D:1)
  2 hobgoblins (D:1)
  A kobold (D:1)
  2 bats (D:1)
  A frilled lizard (D:1)
9 creatures vanquished.

Vanquished Creatures (others)
  A plant (D:1)
1 creature vanquished.

Grand Total: 10 creatures vanquished

Notes
Turn   | Place    | Note
-------+----------+-------------------------------------------
     0 | D:1      | Morbidden the Demigod Fighter began the quest for the Orb.
     0 | D:1      | Reached XP level 1. HP: 18/18 MP: 3/3
   147 | D:1      | Reached skill level 3 in Armour
   306 | D:1      | Reached XP level 2. HP: 8/25 MP: 4/4
   325 | D:1      | Slain by a kobold

Illustrated notes

Levels and vault maps discovered:
D:1:      minmay_arrival_three_doors, layout_basic, serial_shops, shop,
          lexackson_kobold_supper

Skill      XL: |  1 |
---------------+----+-----
Armour         | 3 |  3.0
Fighting       | |  2.8
Long Blades    | |  1.9
Shields        | |  2.8

Action                   || total
-------------------------++-------
Melee: Long sword        ||    31
  Use: Potion            ||     1
Armor: Scale mail        ||    24
Dodge: Dodged            ||    14
Block: Kite shield       ||    27
       Rpst.: Long sword ||     7

Table legend: (Time is in decaauts)
 A = Elapsed time spent in this place.
 B = Non-inter-level travel time spent in this place.
 C = Inter-level travel time spent in this place.
 D = Time resting spent in this place.
 E = Time spent auto-exploring this place.
 F = Levels seen in this place.
 G = Mean time per level.
                   A        B        C        D        E       F      G
               +--------+--------+--------+--------+--------+-----+--------+
         Total |    341 |    341 |      0 |      0 |    249 |   1 |  341.0 |
       Dungeon |    341 |    341 |      0 |      0 |    249 |   1 |  341.0 |
               +--------+--------+--------+--------+--------+-----+--------+

Top non-repeatable levels by time:
     D:1: 341 daAuts
